Map: Ruins of Endion

Players

InZaNe - Winner!

  • Race: Terran Terran
  • League: Grandmaster

Bly

  • Race: Zerg Zerg
  • League: Master

VOD

https://www.youtube.com/watch?v=ZNVc5m9K3tk

Description

Time

  • Played on: June 3, 2016, 2:32 p.m.
  • Length: 15:12
Show
View Real Time Build Order
Export as new Build Order

InZaNe Terran - Winner!

Build Orders: Reaper Expand, MMM Bio 

Get SALT Encoding   

  12  0:02  SCV  
  13  0:14  SCV  
  13  0:18  Supply Depot  
  14  0:26  SCV  
  15  0:39  SCV  
  15  0:42  Barracks  
  16  0:45  Refinery  
  16  0:51  SCV  
  17  1:04  SCV  
  18  1:16  SCV  
  19  1:29  Orbital Command, Reaper  
  20  1:43  Command Center  
  20  1:57  SCV, Supply Depot  
  20  2:01  Marine  
  22  2:10  Barracks  
  22  2:11  SCV  
  23  2:19  Barracks Reactor  
  23  2:23  SCV  
  24  2:35  SCV  
  25  2:38  Refinery  
  25  2:40  Factory  
  25  2:48  SCV  
  26  2:55  Orbital Command  
  26  2:56  Marine x2  
  28  2:58  Barracks Tech Lab  
  28  3:00  SCV  
  29  3:12  SCV  
  30  3:14  Marine x2  
  32  3:20  Supply Depot  
  32  3:21  Stimpack, Marine  
  32  3:23  SCV  
  32  3:24  SCV  
  35  3:35  SCV  
  35  3:36  SCV  
  35  3:37  Starport  
  35  3:38  Factory Reactor, Marine  
  37  3:44  Marine  
  37  3:45  Marine  
  37  3:47  SCV  
  41  3:48  SCV  
  41  3:55  Supply Depot  
  41  3:57  Marine  
  41  3:59  SCV  
  41  4:00  SCV  
  41  4:02  Marine  
  45  4:04  Marine  
  46  4:11  SCV  
  46  4:12  SCV  
  46  4:16  Marine  
  49  4:21  Supply Depot  
  49  4:23  Marine  
  49  4:24  Medivac x2  
  52  4:26  Marine  
  52  4:27  SCV x2  
  59  4:35  Marine  
  59  4:37  Factory Tech Lab  
  58  4:39  SCV x2  
  58  4:40  Supply Depot  
  60  4:48  Marine  
  60  4:49  Marauder  
  60  4:51  SCV x2  
  65  4:55  Supply Depot  
  65  5:03  Siege Tank  
  65  5:06  Refinery, Command Center  
  68  5:09  SCV  
  68  5:10  Engineering Bay x2  
  69  5:15  Marine x2  
  69  5:20  Marauder  
  69  5:33  Medivac x2, Marine  
  69  5:36  SCV x2  
  69  5:39  Refinery  
  69  5:40  Marine  
  69  5:41  Marauder  
  74  5:48  Combat Shields  
  74  5:50  Barracks x2, Marine  
  74  5:52  Barracks  
  75  6:00  SCV x2  
  77  6:05  Factory Reactor, Marine  
  77  6:10  Marine  
  79  6:12  SCV x2  
  79  6:13  Marine  
  79  6:15  Medivac x2  
  86  6:19  Orbital Command  
  86  6:24  SCV  
  86  6:25  SCV  
  88  6:26  Marine  
  88  6:30  Supply Depot  
  89  6:34  Marine x2  
  89  6:36  SCV  
  89  6:37  Terran Infantry Weapons Level 1, Terran Infantry Armor Level 1  
  89  6:38  SCV  
  93  6:48  SCV  
  93  6:49  SCV  
  91  6:54  Barracks Reactor  
  91  6:55  Barracks Reactor x2, Marine x2  
  91  6:57  SCV  
  91  7:00  SCV  
  91  7:01  SCV  
  96  7:05  Widow Mine  
  96  7:06  Medivac, Widow Mine  
  96  7:08  Missile Turret  
  102  7:09  SCV  
  102  7:11  Marine  
  102  7:12  Missile Turret x2, SCV  
  102  7:13  SCV, Marine x2  
  108  7:20  Medivac  
  108  7:21  Supply Depot, SCV  
  111  7:24  Supply Depot, SCV  
  111  7:25  SCV  
  111  7:27  Supply Depot  
  113  7:31  Supply Depot  
  113  7:33  SCV, Marine x3  
  117  7:38  SCV, Marine x6  
  117  7:42  Widow Mine x2  
  117  7:43  Medivac  
  130  7:49  Refinery x2  
  130  7:50  Factory, Medivac  
  132  7:52  SCV x2  
  132  7:56  Marauder  
  132  7:57  Marine  
  137  7:59  Marine x2  
  137  8:00  Marine x3  
  137  8:01  Marine  
  137  8:05  Marine  
  144  8:15  Widow Mine x2, Marine  
  144  8:16  Medivac  
  144  8:17  Marine x3  
  144  8:18  Armory  
  156  8:22  Marine  
  156  8:24  Medivac  
  156  8:26  Marine x2, Supply Depot x2  
  159  8:35  Marine x3  
  159  8:38  Supply Depot, Marine x3  
  159  8:40  Factory Tech Lab  
  165  8:42  Marine  
  163  8:53  Medivac, Widow Mine x2, Marine x3  
  165  9:10  Marine x2  
  165  9:11  Marine  
  138  9:18  Marine x4  
  138  9:19  Widow Mine, Marine x2  
  138  9:20  Medivac  
  138  9:21  Widow Mine  
  138  9:23  Medivac  
  152  9:28  Marine x3  
  143  9:31  Terran Infantry Weapons Level 2, Terran Infantry Armor Level 2  
  143  9:44  Marauder, Marine x4  
  143  9:45  Marine  
  146  9:46  Marine  
  146  9:48  Widow Mine, Marine x2  
  145  9:59  Command Center  
  145  10:02  Marine x5  
  145  10:04  Thor, Widow Mine, Marine  
  145  10:05  Marine  
  145  10:06  Marauder, Marine, Terran Vehicle Weapons Level 1  
  162  10:20  Marine x3  
  156  10:21  Marine  
  156  10:22  Marine x2  
  156  10:27  Marine x3  
  156  10:28  Widow Mine  
  147  10:32  Medivac x2  
  153  10:37  Marine  
  153  10:38  Marine x2  
  153  10:39  Marine  
  153  10:41  Barracks  
  153  10:42  Barracks  
  157  10:46  Marauder  
  138  10:52  Widow Mine, Marine x4  
  138  10:53  Thor  
  138  10:55  Marine x3  
  149  11:02  Liberator x2  
  147  11:04  Marine  
  147  11:05  Widow Mine  
  147  11:07  Marine  
  147  11:09  Marine  
  147  11:10  Marine x2  
  158  11:17  Marine x4  
  162  11:22  Marine  
  162  11:25  Marauder  
  167  11:30  Barracks Tech Lab  
  167  11:31  Barracks Tech Lab  
  167  11:32  Widow Mine  
  167  11:38  Widow Mine  
  171  11:46  Marauder  
  173  11:47  Marine x3  
  173  11:51  Liberator x2  
  173  11:52  Marauder  
  173  11:53  Marauder  
  180  11:57  Starport  
  175  12:07  Widow Mine  
  175  12:08  Marauder, Widow Mine  
  174  12:10  Planetary Fortress  
  174  12:14  Marauder x2  
  186  12:29  Marauder  
  167  12:38  Marauder x2, Widow Mine x2  
  167  12:39  Thor  
  181  12:50  Liberator x2  
  181  12:51  Marauder  
  183  12:54  Terran Ship Weapons Level 1  
  177  12:59  Marauder x2  
  179  13:12  Marauder  
  183  13:19  Liberator x2  
  177  13:20  Marauder  
  177  13:21  Marauder  
  168  13:33  Marauder  
  176  13:42  Marauder x2  
  176  13:44  Refinery x2  
  180  13:50  Liberator x2  
  180  13:52  Barracks Tech Lab  
  180  13:55  Marauder  
  182  13:57  Barracks Tech Lab  
  182  14:02  Concussive Shells  
  182  14:03  Marauder x2  
  182  14:08  Liberator x2  
  191  14:16  Marauder  
  179  14:17  Marauder x2, Marine x2  
  179  14:18  Marine x2  
  164  14:25  Marauder x2  
  174  14:35  Marine x2  
  174  14:36  Marine x2  
  174  14:38  Marauder, Marine x2  
  182  14:46  Marauder x2  
  186  14:52  Marine  
  186  14:53  Marine x2  
  186  14:54  Marine  
Show
View Real Time Build Order
Export as new Build Order

Bly Zerg 

Build Orders: Hatch First 

Get SALT Encoding   

  12  0:01  Drone  
  13  0:13  Overlord  
  13  0:24  Drone  
  14  0:33  Drone x2  
  16  0:50  Hatchery  
  16  0:54  Drone  
  16  0:56  Drone  
  17  1:00  Drone  
  17  1:04  Extractor  
  17  1:16  Spawning Pool  
  16  1:18  Drone  
  16  1:22  Drone  
  18  1:33  Drone  
  19  1:43  Overlord  
  19  2:02  Queen  
  19  2:04  Queen, Zergling x2  
  19  2:08  Metabolic Boost, Zergling x2  
  25  2:10  Drone  
  26  2:16  Drone x2  
  28  2:32  Drone x2  
  28  2:35  Drone  
  28  2:36  Drone  
  31  2:41  Pneumatized Carapace  
  31  2:45  Queen  
  33  2:51  Overlord  
  33  2:53  Drone  
  33  2:56  Drone  
  35  2:58  Drone  
  36  3:11  Drone x4  
  36  3:12  Drone  
  41  3:18  Drone x3  
  44  3:24  Overlord  
  43  3:38  Hatchery  
  42  3:42  Drone x5  
  42  3:48  Drone x3  
  50  3:57  Overlord x2  
  50  4:04  Queen, Extractor  
  50  4:07  Evolution Chamber  
  50  4:09  Drone  
  51  4:15  Drone x3  
  51  4:16  Drone  
  54  4:20  Queen  
  54  4:21  Overlord  
  54  4:23  Extractor  
  55  4:24  Drone x3  
  55  4:29  Overlord  
  58  4:32  Overlord  
  58  4:36  Zergling x6  
  61  4:40  Queen  
  61  4:45  Zergling x4  
  65  4:50  Extractor  
  64  4:55  Zergling x10  
  64  4:58  Lair  
  69  5:02  Zerg Ground Armor Level 1  
  69  5:05  Evolution Chamber  
  68  5:11  Zergling x6  
  68  5:12  Zergling x4  
  73  5:20  Overlord  
  73  5:21  Zergling x4  
  70  5:36  Drone x5  
  70  5:37  Drone x4  
  70  5:38  Zerg Melee Weapons Level 1  
  70  5:40  Baneling Nest  
  78  5:43  Overlord  
  78  5:52  Drone x2  
  78  5:56  Drone x4  
  84  6:05  Hatchery  
  83  6:14  Drone x6  
  83  6:17  Drone x2  
  91  6:18  Extractor  
  91  6:19  Overlord  
  91  6:20  Extractor  
  89  6:26  Hatchery  
  89  6:30  Centrifical Hooks  
  88  6:34  Drone x5  
  88  6:35  Overlord  
  88  6:37  Zergling x6  
  93  6:53  Drone  
  94  6:54  Drone x4  
  94  6:56  Zergling x10  
  94  7:07  Spire  
  92  7:09  Infestation Pit  
  91  7:15  Zerg Ground Armor Level 2  
  91  7:18  Baneling x5  
  90  7:28  Drone  
  90  7:29  Drone  
  92  7:32  Overlord, Drone x4  
  96  7:41  Spore Crawler  
  95  7:45  Zergling x20  
  95  7:49  Hive, Infestor  
  95  7:50  Infestor x2  
  111  7:55  Overlord  
  111  8:05  Overlord  
  111  8:08  Overseer  
  110  8:13  Zerg Melee Weapons Level 2  
  110  8:17  Hatchery  
  110  8:19  Baneling x3  
  109  8:20  Baneling x3, Corruptor  
  109  8:21  Corruptor  
  109  8:22  Spore Crawler  
  109  8:23  Spore Crawler  
  109  8:24  Corruptor  
  113  8:34  Drone  
  113  8:35  Drone  
  113  8:38  Corruptor x2  
  117  8:46  Spine Crawler  
  115  8:54  Baneling  
  115  8:55  Baneling x13  
  115  8:56  Zergling x18  
  115  9:02  Baneling x5  
  100  9:17  Zergling x16  
  100  9:21  Ultralisk Cavern  
  100  9:47  Overseer  
  100  9:52  Zergling x44  
  122  9:53  Zergling x4  
  124  10:01  Baneling x3  
  124  10:11  Chitinous Plating  
  124  10:13  Baneling x8  
  107  10:28  Baneling x3  
  107  10:29  Ultralisk x3  
  115  10:56  Ultralisk x2  
  119  11:08  Ultralisk  
  115  11:18  Ultralisk  
  121  11:28  Zergling x2  
  121  11:29  Zergling x18  
  121  11:31  Infestor x2  
  135  11:46  Hatchery  
  134  11:57  Hatchery  
  131  12:04  Ultralisk x2  
  143  12:20  Ultralisk  
  144  12:33  Overseer  
  130  12:42  Ultralisk x2  
  142  12:47  Baneling x8  
  143  13:02  Overseer, Hatchery  
  136  13:08  Overlord x3  
  136  13:18  Overlord x2  
  135  13:25  Corruptor x2  
  135  13:34  Corruptor  
  137  13:51  Hatchery  
  136  13:57  Infestor  
  136  13:58  Infestor x2  
  127  14:22  Ultralisk x3  
  105  14:32  Zergling x6  
Tags
 
Add a new tag
Caveats
  • Supply blocks, unpowered buildings, or Contaminate may cause inaccurate times.
  • Supply counts are checked every 10 seconds.